 Dungeon Crawl Stone Soup version 0.30.1-11-g7821555f0a (webtiles) character file.

Game seed: 9359197929951207123

151 jagang the Slasher (level 5, -4/43 HPs)
             Began as a Barachi Monk on Nov 15, 2023.
             Slain by a river rat (5 damage)
             ... in a sewer.
             The game lasted 00:03:10 (1496 turns).

jagang the Slasher (Barachi Monk)                   Turns: 1496, Time: 00:03:11

Health: -4/43      AC:  5    Str: 13    XL:     5   Next: 33%
Magic:  5/5        EV: 11    Int: 10    God:
Gold:   145        SH:  0    Dex: 16    Spells: 4/4 levels left

rFire   . . .        a - +0 falchion
rCold   . . .        d - orb {light}
rNeg    . . .        n - +0 ring mail
rPois   .            (no helmet)
rElec   .            (no cloak)
rCorr   .            (no gloves)
SInv    .            (no boots)
Will    .....        (no amulet)
Stlth   +            (no ring)
HPRegen 0.27/turn    (no ring)
MPRegen 0.09/turn

%: no passive effects
@: glowing, slow
A: amphibious, slowness 1, strong legs 1, +LOS
a: Hop


You were in a sewer.
You visited 1 branch of the dungeon, and saw 3 of its levels.
You also visited: Sewer.

You collected 145 gold pieces.

Inventory:

Hand Weapons
 a - a +0 falchion (weapon)
 o - a +0 whip
Armour
 d - an orb of light (worn)
 n - a +0 ring mail (worn)
Scrolls
 g - a scroll of magic mapping {unknown}
 h - a scroll of teleportation {unknown}
 k - a scroll of torment {unknown}
 m - a scroll of identify {unknown}
Potions
 b - a potion of heal wounds {unknown}
 e - a potion of invisibility {unknown}
 f - 2 potions of curing {unknown}
 i - a potion of haste {unknown}
 j - a potion of degeneration {unknown}
 l - a potion of flight {unknown}


   Skills:
 + Level 4.7 Fighting
 * Level 5.6 Long Blades
 + Level 2.6 Armour
 - Level 3.2 Dodging


You had 4 spell levels left.
You didn't know any spells.
Your spell library contained the following spells:

 Spells                   Type           Power      Damage    Failure   Level
 Apportation              Tloc           0%         N/A       61%         1
 Slow                     Hex            0%         N/A       61%         1
 Confusing Touch          Hex            0%         N/A       93%         3
 Vampiric Draining        Necr           0%         2d6       93%         3
 Alistair's Intoxication  Tmut/Pois      0%         N/A       100%        5


Dungeon Overview and Level Annotations

Branches:
Dungeon (3/15)              Sewer (1/1)

Altars:
Uskayaw


Innate Abilities, Weirdness & Mutations

You are amphibious.
You cover ground slowly.
You can hop short distances.
You have an extended range of vision and can be seen from far away.


Message History

* * * LOW HITPOINT WARNING * * *
You hit the kobold brigand.
The kobold brigand is almost dead.
The kobold brigand splashes around in the water.
You hit the kobold brigand.
You kill the kobold brigand!
You hear a splash. x2
The river rat barely misses you.
You have reached level 5!
You hit the kobold brigand but do no damage.
The kobold brigand hits you with a +0 dagger.
* * * LOW HITPOINT WARNING * * *
The river rat closely misses you.
You barely miss the kobold brigand.
The kobold brigand splashes around in the water.
The river rat closely misses you.
You hit the kobold brigand but do no damage.
The river rat bites you but does no damage.
The kobold brigand hits you with a +0 dagger.
* * * LOW HITPOINT WARNING * * *
You hit the kobold brigand.
The kobold brigand is lightly wounded.
The river rat misses you.
The kobold brigand hits you with a +0 dagger.
* * * LOW HITPOINT WARNING * * *
You hit the kobold brigand but do no damage.
The kobold brigand is lightly wounded.
The kobold brigand hits you but does no damage.
The river rat bites you.
* * * LOW HITPOINT WARNING * * *
You slash the kobold brigand!
The kobold brigand is moderately wounded.
The kobold brigand splashes around in the water.
The river rat bites you.
* * * LOW HITPOINT WARNING * * *
You slash the kobold brigand!
The kobold brigand is severely wounded.
The kobold brigand hits you but does no damage.
The river rat bites you.
You die...

.....#####~...~# #~.~##
##..~## ##~## ##~## # #~#
#~# K# #~# #~# .# ##~##
##~## #.## #~~.## ##...##
##..~##
.∩~~.#####.....####.~~..#
~~∩.~≈≈≈≈≈~....r@K)~...~#
~..~.#####~..!.####.....#
#~~~## ##~~.## ##~..##
##≈## ##≈## #~## #≈# #≈#
~# #≈# ≈≈# ~# #≈# ##≈# #
≈# #≈# ~~.


You could see a kobold brigand and a river rat.

Vanquished Creatures
  A kobold brigand (Sewer)
  4 adders
  2 worms
  5 endoplasms
  3 giant cockroaches
  4 goblins
  2 hobgoblins
  4 kobolds
  4 quokkas
  5 ball pythons
  2 bats (D:2)
  2 frilled lizards
  A rat (D:2)
39 creatures vanquished.

Notes
Turn   | Place    | Note
-------+----------+-------------------------------------------
     0 | D:1      | jagang the Barachi Monk began the quest for the Orb.
     0 | D:1      | Reached XP level 1. HP: 18/18 MP: 1/1
   163 | D:1      | Reached XP level 2. HP: 25/25 MP: 2/2
   176 | D:1      | Reached skill level 4 in Long Blades
   267 | D:1      | Reached skill level 1 in Armour
   657 | D:2      | Found a hide-covered altar of Uskayaw.
  1000 | D:2      | Reached XP level 3. HP: 30/30 MP: 3/3
  1065 | D:2      | Found a faded altar of an unknown god.
  1074 | D:2      | Got Plato's Parchment of Bad Luck
  1330 | D:3      | Found a glowing drain.
  1339 | Sewer    | Entered a sewer
  1350 | Sewer    | Reached XP level 4. HP: 24/37 MP: 4/4
  1412 | Sewer    | Reached skill level 5 in Long Blades
  1458 | Sewer    | Noticed a kobold brigand
  1459 | Sewer    | Noticed a kobold brigand
  1489 | Sewer    | Killed a kobold brigand
  1490 | Sewer    | Reached XP level 5. HP: 11/43 MP: 5/5
  1495 | Sewer    | HP: 1/43 [river rat (3)]
  1496 | Sewer    | Slain by a river rat

Illustrated notes

Levels and vault maps discovered:
D:1:      dpeg_arrival_pits, layout_rooms
D:2:      layout_loops_ring, basic_altar, shapermc_ecumenical_altar_rom_forum,
          grunt_ministairs_5, dreamdust_wishing_well
D:3:      layout_loops_cross, gup_sewer_entry_bubbles, serial_shops,
          nicolae_shop_behind_doors
Sewer:    sewer_co_15_rooms

Skill      XL: |  1  2  3  4 |
---------------+-------------+-----
Long Blades    | 4 5 |  5.6
Armour         | 1 2 |  2.6
Fighting       | 4 |  4.7
Dodging        | |  3.2

Action                     |  1- 3 |  4- 6 || total
---------------------------+-------+-------++-------
  Melee: Falchion          |    88 |    40 ||   128
    Use: Potion            |       |     1 ||     1
 Armour: Robe              |     5 |       ||     5
         Ring mail         |     5 |     7 ||    12
  Dodge: Dodged            |    57 |    18 ||    75
